 Dungeon Crawl Stone Soup version 0.30.0-5-g1a98f26d00 (webtiles) character file.

Game seed: 14827798745560021527

34 ChrisAssaf the Firebug (level 3, -1/27 HPs)
             Began as a Hill Orc Fire Elementalist on May 10, 2023.
             Frozen to death by an endoplasm (2 damage)
             ... on level 3 of the Dungeon.
             The game lasted 00:03:14 (766 turns).

ChrisAssaf the Firebug (Hill Orc Fire Elementalist)  Turns: 766, Time: 00:03:14

Health: -1/27      AC:  2    Str: 10    XL:     3   Next: 31%
Magic:  4/5        EV: 12    Int: 17    God:
Gold:   18         SH:  0    Dex: 11    Spells: 2/5 levels left

rFire   . . .        i - staff of earth
rCold   . . .        (no shield)
rNeg    . . .        a - +0 robe
rPois   .            (no helmet)
rElec   .            (no cloak)
rCorr   .            (no gloves)
SInv    .            (no boots)
Will    .....        (no amulet)
Stlth   ++           (no ring)
HPRegen 0.24/turn    (no ring)
MPRegen 0.09/turn

%: no passive effects
@: hasted, very quick
A: no striking features
a: no special abilities


You were on level 3 of the Dungeon.
You visited 1 branch of the dungeon, and saw 3 of its levels.

You collected 18 gold pieces.

Inventory:

Armour
 a - a +0 robe (worn)
Magical Staves
 i - a staff of earth (weapon)
Scrolls
 d - a scroll of fog
 g - 3 scrolls of identify
Potions
 b - a potion of might {unknown}
 e - a potion of heal wounds {unknown}
 f - a potion of lignification


   Skills:
 * Level 0.3 Fighting
 * Level 0.7 Staves
 * Level 2.0 Dodging
 * Level 1.6 Stealth
 * Level 1.9 Spellcasting
 * Level 1.1 Conjurations
 * Level 3.5 Fire Magic
 * Level 0.3 Earth Magic
 * Level 0.3 Evocations


You had 2 spell levels left.
You knew the following spells:

 Your Spells              Type           Power      Damage    Failure   Level
a - Foxfire               Conj/Fire      36%        2x1d5     8%          1
b - Scorch                Fire           26%        2d6       7%          2

Your spell library contained the following spells:

 Spells                   Type           Power      Damage    Failure   Level
 Inner Flame              Hex/Fire       7%         N/A       28%         3
 Volatile Blastmotes      Fire/Tloc      14%        2d11      28%         3
 Summon Guardian Golem    Hex/Summ       1%         N/A       52%         3
 Flame Wave               Conj/Fire      9%         2d6       58%         4
 Anguish                  Hex/Necr       0%         N/A       89%         4
 Enfeeble                 Hex            0%         N/A       100%        7
 Orb of Destruction       Conj           2%         9d5       100%        7
 Spellforged Servitor     Conj/Summ      1%         N/A       100%        7


Dungeon Overview and Level Annotations

Branches:
Dungeon (3/15)

Altars:
Hepliaklqana


Message History

The adder closely misses you.
You hear a shout!
Casting: Scorch (safe; 7% risk of failure)
Press: ? - help, Q - select action, (/) - cycle Dir - look around, f - activate Flames lash the adder.
The adder is severely wounded.
The adder's fire resistance burns away.
The adder closely misses you.
You don't have enough magic to cast this spell.
You don't have enough magic to cast this spell.
Unknown command.
You hit the adder.
You kill the adder!
The gnoll attacks as you move away! The gnoll hits you with a +0 club.
The gnoll hits you with a +0 club. The gnoll attacks as you move away!
The gnoll hits you with a +0 club.
A kobold and an endoplasm come into view.
The kobold is wielding a +0 whip of freezing and quivering poisoned darts.
Found a hazy altar of Hepliaklqana.
The endoplasm moves out of view.
The kobold shouts!
You hear a shout!
The kobold throws a poisoned dart.
The poisoned dart closely misses you.
The endoplasm quivers.
A rat comes into view.
You hear the slow rusting of a very distant drain.
The gnoll attacks as you move away! The gnoll misses you.
An orc comes into view. It is wielding a +1 hand axe of venom.
Really read the scroll of torment?
As you read the scroll of torment, it crumbles to dust.
Your body is wracked with pain!
The gnoll convulses!
The endoplasm convulses!
The gnoll convulses!
The orc convulses!
The gnoll hits you with a +0 whip.
* * * LOW HITPOINT WARNING * * *
The kobold hits the plant with a +0 whip of freezing.
The plant begins to die.
The kobold freezes the plant.
Unknown command.
It was a potion of haste.
You feel yourself speed up.
The rat bites the plant.
The gnoll hits you with a +0 whip.
* * * LOW HITPOINT WARNING * * *
The endoplasm freezes you.
You are frozen.
You die...

#.#
#g####
#....#
####.#
#.# #g##
#Kr##
#gP.#
#@#..§P§.
#J#P#...§
#...J._..
..#P....P
#..#..#§P
#.P ..§
... ..
#.## #.


You could see 2 gnolls, an endoplasm, a kobold and a rat.

Vanquished Creatures
  2 adders (D:3)
  2 bats (D:1)
  An endoplasm (D:3)
  2 giant cockroaches (D:1)
  2 goblins (D:1)
  A hobgoblin (D:1)
  2 frilled lizards
  A kobold (D:1)
  5 rats
18 creatures vanquished.

Vanquished Creatures (others)
  14 foxfires (D:1)
14 creatures vanquished.

Grand Total: 32 creatures vanquished

Notes
Turn   | Place    | Note
-------+----------+-------------------------------------------
     0 | D:1      | ChrisAssaf the Hill Orc Fire Elementalist began the quest
                  | for the Orb.
     0 | D:1      | Reached XP level 1. HP: 14/14 MP: 3/3
   207 | D:1      | Reached XP level 2. HP: 19/20 MP: 0/4
   217 | D:1      | Learned a level 2 spell: Scorch
   694 | D:3      | Reached XP level 3. HP: 17/26 MP: 0/5
   760 | D:3      | Found a hazy altar of Hepliaklqana.
   766 | D:3      | HP: 1/27 [gnoll/+0 whip (4)]
   766 | D:3      | Frozen to death by an endoplasm

Illustrated notes

Levels and vault maps discovered:
D:1:      matt_arrival_grand_opening, layout_basic
D:2:      layout_basic, serial_forest, infiniplex_forest_lined_3,
          infiniplex_forest_side_room, infiniplex_forest_straight_5,
          infiniplex_forest_lined_3_way, infiniplex_forest_lined_room_2,
          infiniplex_forest_straight_3
D:3:      layout_loops_ring, gammafunk_temple_overflow_forgotten,
          nicolae_hepliaklqana_hazy_memory, lemuel_blue_sif_altar,
          portal_sewer_entry_d

Skill      XL: |  1  2 |
---------------+-------+-----
Dodging        | 2 |  2.0
Fighting       | |  0.3
Staves         | |  0.7
Stealth        | |  1.6
Spellcasting   | |  1.9
Conjurations   | |  1.1
Fire Magic     | |  3.5
Earth Magic    | |  0.3
Evocations     | |  0.3

Action                     || total
---------------------------++-------
  Melee: Unarmed           ||     1
         Staff             ||     9
   Cast: Foxfire           ||     9
         Scorch            ||    10
    Use: Potion            ||     3
         Scroll            ||     3
 Armour: Robe              ||    18
  Dodge: Dodged            ||    35
